 Dungeon Crawl Stone Soup version 0.27-a0-1500-g450c7e4133 (webtiles) character file.

Game seed: 13269820239794502488

7 lunkers the Magician (level 2, 0/23 HPs)
             Began as a Djinni Warper on July 7, 2021.
             Slain by a hobgoblin (4 damage)
             ... on level 1 of the Dungeon.
             The game lasted 00:00:50 (203 turns).

lunkers the Magician (Djinni Warper)                 Turns: 203, Time: 00:00:51

Health: 0/23       AC:  3    Str: 10    XL:     2   Next: 10%
Gold:   13         EV: 11    Int: 14    God:
                   SH:  0    Dex: 12

rFire    + + .     SeeInvis .     - Unarmed
rCold    x . .     Faith    .   (no shield)
rNeg     . . .     Spirit   .   a - +0 leather armour
rPois    ∞         Reflect  .   (no helmet)
rElec    .         Harm     .   (no cloak)
rCorr    .         Rampage  .   (no gloves)
Will     .....                  (boots unavailable)
Stlth    +.........             (no amulet)
HPRegen  0.07/turn              (no ring)
MPRegen  0.00/turn              (no ring)

@: flying
A: sickness immunity, fire resistance 2, cold vulnerability 1, float, innate
caster, hp casting, extra vitality 1
a: no special abilities


You were on level 1 of the Dungeon.
You visited 1 branch of the dungeon, and saw 1 of its levels.

You collected 13 gold pieces.

Inventory:

Missiles
 c - 5 boomerangs of dispersal
Armour
 a - a +0 leather armour (worn)
Scrolls
 b - a scroll of blinking
 d - a scroll of summoning {unknown}


   Skills:
 - Level 2.0 Fighting
 - Level 0.7 Throwing
 - Level 1.0 Armour
 - Level 2.1 Dodging
 * Level 2.5 Unarmed Combat
 + Level 2.5 Spellcasting


You couldn't memorise any spells.
You knew the following spells:

 Your Spells              Type           Power      Damage    Failure   Level
b - Lesser Beckoning      Tloc           4%         N/A       32%         3
c - Gell's Gravitas       Tloc           4%         N/A       32%         3
d - Teleport Other        Tloc           8%         N/A       32%         3
e - Manifold Assault      Tloc           8%         N/A       96%         5
p - Blink                 Tloc           N/A        N/A       16%         2
Your spell library was empty.

Dungeon Overview and Level Annotations

Branches:
Dungeon (1/15)

Altars:


Innate Abilities, Weirdness & Mutations

You are immune to sickness and miasma.
You are immune to poison.
Your flesh is very heat resistant. (rF++)
You are vulnerable to cold. (rC-)
You float through the air rather than walking.
You learn spells naturally, not from books.
Your magical power is your life essence.
You have superior vitality. (+4 HP)


Message History

As you close the door, it creaks loudly!
A hobgoblin opens the door.
As you close the door, it creaks loudly!
A hobgoblin opens the door.
You reach down and close the door.
A hobgoblin opens the door.
You reach down and close the door.
A hobgoblin opens the door.
You reach down and close the door.
A hobgoblin opens the door.
You reach down and close the door.
A hobgoblin opens the door.
As you close the door, it creaks loudly!
A hobgoblin opens the door.
You reach down and close the door.
A hobgoblin opens the door.
You reach down and close the door.
A hobgoblin opens the door.
You reach down and close the door.
A hobgoblin opens the door.
You reach down and close the door.
A hobgoblin opens the door.
You reach down and close the door.
A hobgoblin opens the door.
As you close the door, it creaks loudly!
A hobgoblin opens the door.
You reach down and close the door.
A hobgoblin opens the door.
You reach down and close the door.
A hobgoblin opens the door.
You reach down and close the door.
A hobgoblin opens the door.
As you close the door, it creaks loudly!
A hobgoblin opens the door.
You reach down and close the door.
A hobgoblin opens the door.
You reach down and close the door.
A hobgoblin opens the door.
You reach down and close the door.
A hobgoblin opens the door.
You reach down and close the door.
A hobgoblin opens the door.
As you close the door, it creaks loudly!
A hobgoblin opens the door.
There's a creature in the doorway!
You barely miss the hobgoblin. The hobgoblin barely misses you.
You closely miss the hobgoblin. The hobgoblin hits you.
* * * LOW HITPOINT WARNING * * *
You hit the hobgoblin.
The hobgoblin is moderately wounded.
The hobgoblin hits you.
* * * LOW HITPOINT WARNING * * *
You hit the hobgoblin but do no damage.
The hobgoblin is moderately wounded.
The hobgoblin hits you.
You die...

##.........##
#..♣..<..♣..#
#.........##
#####'##### #####
#####...######...##
...........(......#
......⌠........⌠..#
..................#
#####...######..@##
##>## ##g## ###
###..# .###
####...##
....#####....###
#...#...####
#...### ##.## ##.#


You could see a hobgoblin.

Vanquished Creatures
  A ball python (D:1)
  A giant cockroach (D:1)
  A goblin (D:1)
  2 hobgoblins (D:1)
  A rat (D:1)
6 creatures vanquished.

Notes
Turn   | Place    | Note
-------+----------+-------------------------------------------
     0 | D:1      | lunkers the Djinni Warper began the quest for the Orb.
     0 | D:1      | Reached XP level 1. HP: 18/18 MP: 0/0
   112 | D:1      | Reached XP level 2. HP: 20/23 MP: 0/0
   203 | D:1      | Slain by a hobgoblin

Illustrated notes

Levels and vault maps discovered:
D:1:      minmay_arrival_split_and_join, layout_loops_ring,
          dilly_ecumenical_altar_fadedgnrine, minmay_misc_feat_rugged,
          due_unseen_surprise

Action                   || total
-------------------------++-------
Melee: Unarmed           ||    39
Armor: Leather armour    ||     8
Dodge: Dodged            ||    20

Table legend: (Time is in decaauts)
 A = Elapsed time spent in this place.
 B = Non-inter-level travel time spent in this place.
 C = Inter-level travel time spent in this place.
 D = Time resting spent in this place.
 E = Time spent auto-exploring this place.
 F = Levels seen in this place.
 G = Mean time per level.
                   A        B        C        D        E       F      G
               +--------+--------+--------+--------+--------+-----+--------+
         Total |    201 |    201 |      0 |      0 |     78 |   1 |  201.0 |
       Dungeon |    201 |    201 |      0 |      0 |     78 |   1 |  201.0 |
               +--------+--------+--------+--------+--------+-----+--------+

Top non-repeatable levels by time:
     D:1: 201 daAuts
